 Dungeon Crawl Stone Soup version 0.17.0-28-g6e173f8 (webtiles) character file.

601 Ivanskos the Covered (level 7, -1/64 HPs)
             Began as a Deep Dwarf Fighter on Nov 28, 2015.
             Slain by an orc warrior
             ... wielding a +0 mace
              (11 damage)
             ... on level 5 of the Dungeon.
             The game lasted 00:11:52 (3421 turns).

Ivanskos the Covered (Deep Dwarf Fighter)           Turns: 3421, Time: 00:11:52

Health: -1/64      AC: 11    Str: 21    XL:     7   Next: 18%
Magic:  7/7        EV:  7    Int:  9    God:
Gold:   216        SH: 10    Dex: 12    Spells: 0 memorised, 6 levels left

rFire  . . .     SeeInvis +     a - +0 flail
rCold  . . .     Clarity  .     b - +0 scale mail
rNeg   . . .     SustAt   +     c - +0 shield
rPois  .         Gourm    .     (no helmet)
rElec  .         Spirit   .     p - +0 cloak
rCorr  .         Warding  .     (no gloves)
rMut   .         Stasis   .     D - +2 pair of boots
MR     +....                    (no amulet)
Stlth  ..........               m - ring of sustain attributes
                                g - ring of see invisible

@: non-regenerating, somewhat resistant to hostile enchantments, extremely
unstealthy
A: damage resistance, recharge devices, sense surroundings 1, slow regeneration
3
a: Device Recharging


You were on level 5 of the Dungeon.
You were not hungry.

You visited 2 branches of the dungeon, and saw 6 of its levels.

You collected 216 gold pieces.

Inventory:

Hand Weapons
 a - a +0 flail (weapon)
Armour
 b - a +0 scale mail (worn)
 c - a +0 shield (worn)
 p - a +0 cloak (worn)
 D - a +2 pair of boots (worn)
Jewellery
 g - a ring of see invisible (left hand)
 k - an uncursed ring of teleportation
 m - a ring of sustain attributes (right hand)
Wands
 e - a wand of heal wounds (5)
 t - a wand of flame (16)
 u - a wand of fire (3)
 x - a wand of digging (10)
Scrolls
 h - 3 scrolls of remove curse
 n - 2 scrolls of recharging
 r - 2 scrolls of teleportation
 s - a scroll of immolation {unknown}
 v - a scroll of blinking {unknown}
 w - a scroll of enchant weapon {unknown}
 y - a scroll of fear {unknown}
 B - 3 scrolls of enchant armour {unknown}
Potions
 d - a potion of might
 i - a potion of curing
 l - 2 potions of agility
 q - 3 potions of brilliance
 z - a potion of flight
Comestibles
 f - 2 bread rations
 o - 5 meat rations
 A - a fruit


   Skills:
 + Level 4.2 Fighting
 + Level 4.4 Maces & Flails
 + Level 5.4 Armour
 + Level 5.3 Shields


You had 6 spell levels left.
You didn't know any spells.

Dungeon Overview and Level Annotations

Branches:
Dungeon (5/15)             Temple (1/1) D:4

Altars:
Ashenzari
Cheibriados
Dithmenos
Elyvilon
Fedhas
Gozag
Nemelex Xobeh
Qazlal
Ru
Sif Muna
Vehumet
Xom
Yredelemnul
Zin

Shops:
D:4 [


Innate Abilities, Weirdness & Mutations

You are resistant to damage.
You can recharge devices by infusing magical energy.
You passively map a small area around you.
You do not regenerate naturally.


Message History

The worker ant is severely wounded.
You block the worker ant's attack.
The worker ant bites you but does no damage.
You sock the worker ant!
You kill the worker ant!
You hit the orc warrior.
The orc warrior is heavily wounded.
An orc warrior opens the door.
You hit the orc warrior.
The orc warrior is severely wounded.
The orc warrior hits you with a mace!
* * * LOW HITPOINT WARNING * * *
You hit the orc warrior but do no damage.
The orc warrior is severely wounded.
You are no longer poisoned.
The orc barely misses you. You block the orc warrior's attack.
You see here a worker ant corpse.
Your shield prevents you from hitting the orc.
The orc hits you but does no damage. The orc warrior hits you with a mace!
You die...

,.............# ,
#............# ,
#............#
#.......(....#
..(......†...##########
*
..#'#....(..##.......)
#.........##........
###o#............... ,*
#@#...............
#?o...............
###...............
###..............†
#.+...............
#.#...............
#.#.......####'###
###^...#######...#
#......##........#


You could see an orc warrior and an orc.

Vanquished Creatures
  A phantom (D:4)
  Blork the orc (D:4)
  A giant frog (D:5)
  2 hounds
  A crimson imp (D:5)
  A giant frog skeleton (D:4)
  An orc wizard (D:4)
  2 worker ants
  A hound skeleton (D:4)
  4 gnolls (D:3)
  4 adders
  An adder zombie (D:5)
  2 oozes (D:4)
  2 worms
  2 giant geckos
  11 orcs
  2 ball pythons
  A giant cockroach (D:4)
  6 hobgoblins
  13 jackals
  6 bats
  A giant gecko skeleton (D:4)
  4 giant newts
  5 goblins
  8 kobolds
  3 quokkas
  10 rats
96 creatures vanquished.

Notes
Turn   | Place    | Note
--------------------------------------------------------------
     0 | D:1      | Ivanskos the Deep Dwarf Fighter began the quest for the Orb.
     0 | D:1      | Reached XP level 1. HP: 20/20 MP: 1/1
   209 | D:1      | Reached XP level 2. HP: 26/28 MP: 2/2
   834 | D:2      | Reached XP level 3. HP: 18/34 MP: 3/3
  1113 | D:2      | Reached skill level 4 in Shields
  1314 | D:3      | Reached XP level 4. HP: 35/42 MP: 4/4
  1910 | D:3      | Found a shattered altar of Ashenzari.
  2190 | D:4      | Reached XP level 5. HP: 17/49 MP: 5/5
  2373 | D:4      | Found a staircase to the Ecumenical Temple.
  2453 | Temple   | Entered the Ecumenical Temple
  2653 | D:4      | Found a sparkling altar of Nemelex Xobeh.
  2655 | D:4      | Noticed Blork the orc
  2667 | D:4      | Killed Blork the orc
  2667 | D:4      | Reached XP level 6. HP: 39/57 MP: 6/6
  2718 | D:4      | Noticed a phantom
  2734 | D:4      | Killed a phantom
  2734 | D:4      | Reached skill level 5 in Shields
  2858 | D:4      | Found Kulays's Armour Boutique.
  2949 | D:4      | Reached skill level 5 in Armour
  3198 | D:5      | Entered Level 5 of the Dungeon
  3295 | D:5      | Reached XP level 7. HP: 26/64 MP: 7/7
  3421 | D:5      | Slain by an orc warrior

Action                   |  1- 3 |  4- 6 |  7- 9 || total
-------------------------+-------+-------+-------++-------
Melee: Flail             |   115 |   268 |    36 ||   419
Evoke: Wand              |     1 |     3 |     1 ||     5
  Use: Scroll            |       |     6 |     2 ||     8
  Eat: Pizza             |     1 |       |       ||     1
       Bread ration      |       |     2 |       ||     2
